 Dungeon Crawl Stone Soup version 0.20-a0-1042-g33e7df7 (webtiles) character file.

15573 TheGoonsmith the Nimble (level 12, -5/89 HPs)
             Began as a Barachi Ice Elementalist on Apr 24, 2017.
             Was a High Priest of Hepliaklqana.
             Slain by an ice beast (12 damage)
             ... summoned by an ice statue
             ... in an ice cave.
             The game lasted 00:41:59 (15863 turns).

TheGoonsmith the Nimble (Barachi Ice Elementalist) Turns: 15863, Time: 00:42:02

Health: -5/89      AC: 14    Str: 11    XL:     12   Next: 28%
Magic:  8/21       EV: 22    Int: 17    God:    Hepliaklqana [*****.]
Gold:   673        SH:  0    Dex: 22    Spells: 11/23 levels left

rFire    . . .     SeeInvis .   q - +1 mace of the Wary Spirits {elec, Dex+7}
rCold    . . .     Gourm    .   (no shield)
rNeg     . . .     Faith    .   R - +0 troll leather armour
rPois    +         Spirit   .   (no helmet)
rElec    .         Reflect  .   K - +1 cloak
rCorr    .         Harm     .   h - +1 pair of gloves
MR       .....                  (no boots)
Stlth    ++........             (no amulet)
Regen    0.7/turn               j - ring of poison resistance
MPRegen  0.2/turn               o - ring of wizardry

@: icy armour, very slow
A: +LOS, swims, reduced essence, slowness 1, strong legs 1
a: Hop, Recall Ancestor, Ancestor Identity, Transference, Idealise, Renounce
Religion


You were in an ice cave.
You worshipped Hepliaklqana.
Hepliaklqana was extremely pleased with you.
You were very hungry.

You visited 3 branches of the dungeon, and saw 14 of its levels.
You also visited: Ossuary and Ice Cave.

You collected 673 gold pieces.

Inventory:

Hand Weapons
 d - a +1 dagger
 q - the +1 mace of the Wary Spirits (weapon) {elec, Dex+7}
   (You found it on level 7 of the Dungeon)

   Occasionally, upon striking a foe, it will discharge some electrical energy
   and cause terrible harm.
   It affects your dexterity (+7).
 u - a +2 dagger of flaming
 y - a +3 flail of holy wrath
 T - a +0 great mace
Armour
 a - a +0 robe
 h - a +1 pair of gloves (worn)
 G - a +1 shield of protection
 K - a +1 cloak (worn)
 R - a +0 troll leather armour (worn)
Jewellery
 j - a ring of poison resistance (left hand)
 l - a +3 ring of intelligence
 o - a ring of wizardry (right hand)
 z - an uncursed ring of see invisible
 U - a +4 ring of dexterity {unknown}
Wands
 e - a wand of flame (23/48)
 v - a wand of acid (6/15)
 A - a wand of lightning (11/15)
 F - a wand of paralysis (6/24)
 I - a wand of flame (23/48)
 L - a wand of flame (21/48)
 P - a wand of lightning (3/15)
 S - a wand of iceblast (5/15)
 V - a wand of flame (18/48)
 X - a wand of enslavement (16/24)
Scrolls
 g - 3 scrolls of fear
 i - 2 scrolls of magic mapping
 k - 8 scrolls of teleportation
 r - 7 scrolls of identify
 s - 2 scrolls of recharging
 C - 2 scrolls of enchant weapon
 H - 2 scrolls of remove curse
 J - a scroll of blinking
 M - a scroll of fog
 W - a scroll of enchant armour
Potions
 f - a potion of magic
 n - 5 potions of curing
 p - a potion of berserk rage
 t - a potion of heal wounds
 w - 3 potions of lignification
 x - 2 potions of flight {unknown}
 B - 2 potions of agility
 D - a potion of haste
 E - a potion of resistance
 N - a potion of ambrosia {unknown}
 O - a potion of brilliance {unknown}
Books
 b - a book of Frost

   Spells                             Type                      Level
   a - Freeze                         Ice                          1
   b - Throw Frost                    Conjuration/Ice              2
   c - Ozocubu's Armour               Charms/Ice                   3
   d - Throw Icicle                   Conjuration/Ice              4
   e - Summon Ice Beast               Ice/Summoning                4
Comestibles
 c - 6 bread rations
 m - 18 fruits
 Q - a meat ration


   Skills:
 + Level 10.7 Fighting
 - Level 9.0 Maces & Flails
 + Level 11.7 Dodging
 - Level 1.7 Stealth
 - Level 6.1 Spellcasting
 - Level 5.0 Conjurations
 - Level 3.1 Charms
 - Level 6.1 Summonings
 - Level 8.0 Ice Magic


You had 11 spell levels left.
You knew the following spells:

 Your Spells              Type           Power        Failure   Level  Hunger
a - Freeze                Ice            ####         1%          1    None
c - Ozocubu's Armour      Chrm/Ice       ###.....     1%          3    ##.....
x - Throw Icicle          Conj/Ice       ####....     4%          4    ####...
z - Summon Ice Beast      Ice/Summ       ####....     3%          4    ####...


Dungeon Overview and Level Annotations

Branches:
Dungeon (11/15)            Temple (1/1) D:7            Lair (2/6) D:10
 Spider (0/4) Lair:2          Orc (0/2) D:10
  Swamp: Lair:2-4    Shoals: Lair:2-4

Altars:
Ashenzari
Cheibriados
Dithmenos
Elyvilon
Fedhas
Gozag
Hepliaklqana
Kikubaaqudgha
Makhleb
Nemelex Xobeh
Okawaru
Qazlal
Ru
Sif Muna
Trog
Uskayaw
Vehumet
Wu Jian
Xom
Yredelemnul
Zin
The Shining One

Shops:
D:7 =

Annotations:
IceCv exclusion: 2 ice statues


Innate Abilities, Weirdness & Mutations

Shadows flee at your approach. (+LOS)
You can swim through water.
You cover ground slowly.
You can hop short distances.
Your life essence is reduced. (-10% HP)


Message History

Msizi hits the ice statue but does no damage.
Your ice beast hits the ice statue but does no damage.
The ice statue gestures.
Your ice beast hits the ice statue.
Your ice beast freezes the ice statue.
The ice statue completely resists.
You hit the ice statue but do no damage.
The ice statue is heavily damaged.
You are engulfed in freezing vapours.
* * * LOW HITPOINT WARNING * * *
The ice beast hits your ice beast but does no damage.
Msizi hits the ice statue with a dagger of draining.
Your ice beast hits the ice statue but does no damage.
Your ice beast hits the ice beast but does no damage.
You swap places.
The ice beast completely misses Msizi.
The ice beast completely misses you.
Your ice beast hits the ice beast.
Your ice beast freezes the ice beast.
The ice beast completely resists.
The ice beast hits you.
* * * LOW HITPOINT WARNING * * *
The ice beast freezes you!
You die...

#...## #...##
#....## #..#...#
#.####..# ## ##..##
#..## ####..####
##8#...@#8##
#.Y.R.YYY§Y#
#........§Y.Y.#
#..............#
#.................#
##................#
..#..............##
.. ###...........##
# ###........##


You could see the friendly Msizi the hexer, 4 ice beasts and 3 friendly ice
beasts.

Vanquished Creatures
  A skeletal warrior (D:10)
  4 rime drakes
  A spiny frog (Lair:1)
  A komodo dragon (Lair:1)
  A troll (D:9)
  2 blink frogs (Lair:1)
  3 hippogriffs
  A shadow (D:10)
  A wyvern (D:8)
  A wraith (Ossuary)
  8 yaks (Lair:2)
  Grum (D:8)
  4 water moccasins
  2 orc warriors
  A porcupine (Lair:1)
  2 phantoms
  6 ice beasts
  An ogre (D:5)
  A sky beast (D:10)
  5 centaurs
  A crocodile (Lair:1)
  4 bullfrogs
  An elf skeleton (D:5)
  2 scorpions
  6 wights
  The ghost of TheGoonsmith the Chiller, a weakling BaIE (D:3)
  2 electric eels (D:8)
  2 howler monkeys
  2 centaur zombies
  5 crimson imps
  A bullfrog zombie (D:10)
  A jelly (D:9)
  2 human zombies (D:5)
  An orc priest (D:10)
  6 hounds
  A centaur skeleton (D:7)
  A bullfrog skeleton (D:4)
  3 iguanas
  2 human skeletons (D:5)
  5 orc wizards
  4 worker ants
  3 hell rats (Lair:1)
  A hound zombie (D:5)
  A hound skeleton (D:4)
  8 gnolls
  7 adders
  10 river rats (Lair:1)
  A shadow imp (D:8)
  3 oozes
  An adder simulacrum (D:8)
  3 dart slugs
  4 leopard geckos
  18 orcs
  8 giant cockroaches
  2 gnoll zombies (D:5)
  10 goblins
  6 hobgoblins
  5 jackals
  7 kobolds
  11 quokkas
  A ball python (D:2)
  A ball python skeleton (D:4)
  9 bats
  6 frilled lizards
  A hobgoblin skeleton (Ossuary)
  2 hobgoblin zombies (Ossuary)
  A jackal skeleton (D:5)
  A jackal zombie (D:5)
  A kobold zombie (Ossuary)
  A leopard gecko zombie (D:6)
  2 orc skeletons
  3 orc zombies
  17 rats
255 creatures vanquished.

Vanquished Creatures (collateral kills)
  A hydra (Lair:1)
  A death knight (D:9)
  A skeletal warrior (D:10)
  Pikel (D:8)
  A spiny frog (Lair:2)
  A rime drake (Lair:2)
  2 komodo dragons
  3 blink frogs (Lair:1)
  2 hippogriffs
  2 wraiths
  A yak (Lair:2)
  A hungry ghost (D:10)
  A basilisk (Lair:2)
  Edmund (D:5)
  4 water moccasins
  A porcupine (Lair:1)
  3 orc warriors
  4 slaves (D:8)
  6 ice beasts (IceCv)
  3 black bears
  2 necrophages (D:10)
  3 ogres
  5 wolves (D:8)
  A crocodile (Lair:1)
  A big kobold (D:10)
  An elf zombie (D:5)
  2 elf skeletons (D:5)
  Blork the orc (D:5)
  5 wights
  A crimson imp (D:5)
  A howler monkey (D:6)
  2 bullfrog zombies
  A hound (D:9)
  7 orc wizards
  3 orc priests
  A human skeleton (D:5)
  2 hell rats (Lair:1)
  2 worker ants
  A centaur simulacrum (D:8)
  4 gnolls (D:9)
  6 river rats (Lair:1)
  An adder (D:8)
  A shadow imp (D:8)
  10 orcs
  A giant cockroach (Lair:2)
  A hobgoblin (D:6)
  A jackal (D:6)
  3 quokkas
  A frilled lizard (D:5)
  A giant cockroach zombie (D:5)
  A jackal skeleton (D:6)
  An orc skeleton (Ossuary)
  5 rats (Lair:1)
119 creatures vanquished.

Vanquished Creatures (others)
  15 hexers
  3 ancestors
  A fungus (Lair:2)
  9 plants
28 creatures vanquished.

Grand Total: 402 creatures vanquished

Notes
Turn   | Place    | Note
-------+----------+-------------------------------------------
     0 | D:1      | TheGoonsmith the Barachi Ice Elementalist began the quest for the Orb.
     0 | D:1      | Reached XP level 1. HP: 13/13 MP: 3/3
   150 | D:1      | Reached XP level 2. HP: 19/19 MP: 0/5
   838 | D:1      | Reached XP level 3. HP: 23/24 MP: 2/7
  1425 | D:2      | Reached skill level 5 in Ice Magic
  1536 | D:2      | Reached XP level 4. HP: 30/30 MP: 5/8
  1537 | D:2      | Found a blossoming altar of Fedhas.
  1640 | D:2      | Learned a level 2 spell: Throw Frost
  1644 | D:2      | Learned a level 3 spell: Ozocubu's Armour
  1865 | D:2      | Reached XP level 5. HP: 35/35 MP: 3/9
  2450 | D:3      | Noticed TheGoonsmith's ghost (weakling BaIE)
  2463 | D:3      | Killed TheGoonsmith's ghost
  2546 | D:3      | Learned a level 4 spell: Summon Ice Beast
  2823 | D:3      | Reached skill level 1 in Charms
  2960 | D:3      | Reached XP level 6. HP: 35/41 MP: 0/12
  3273 | D:4      | Found a shattered altar of Ashenzari.
  3300 | D:4      | Found a burning altar of Makhleb.
  3355 | D:4      | Reached skill level 1 in Summonings
  3450 | D:4      | Found a hazy altar of Hepliaklqana.
  3455 | D:4      | Became a worshipper of Hepliaklqana the Forgotten
  3673 | D:4      | Reached XP level 7. HP: 39/41 MP: 5/13
  4167 | D:5      | Entered Level 5 of the Dungeon
  4167 | D:5      | Noticed Edmund
  4177 | D:5      | Killed Edmund
  4177 | D:5      | Reached skill level 5 in Summonings
  4200 | D:5      | Reached skill level 1 in Fighting
  4221 | D:5      | Found a shimmering altar of Xom.
  4462 | D:5      | Reached XP level 8. HP: 34/54 MP: 14/14
  4481 | D:5      | Reached skill level 5 in Fighting
  4491 | D:5      | Found a sand-covered staircase.
  4585 | Ossuary  | Entered an ossuary
  4753 | Ossuary  | HP: 1/57 [wight/enchanted spear (6)]
  5073 | Ossuary  | Noticed a flying skull
  5073 | Ossuary  | Noticed a wraith
  5083 | Ossuary  | Noticed a flying skull
  5105 | Ossuary  | Noticed a flying skull
  5115 | Ossuary  | Noticed a wraith
  5126 | Ossuary  | Killed a wraith
  5126 | Ossuary  | Reached skill level 5 in Spellcasting
  5303 | Ossuary  | Learned a level 4 spell: Throw Icicle
  5308 | Ossuary  | Noticed a flying skull
  5332 | Ossuary  | Noticed a wraith
  5344 | Ossuary  | Killed a wraith
  5819 | D:5      | Found a glowing silver altar of Zin.
  6066 | D:5      | Found a basalt altar of Yredelemnul.
  6218 | D:5      | Noticed Blork the orc
  6226 | D:5      | Killed Blork the orc
  6226 | D:5      | Reached skill level 5 in Conjurations
  6226 | D:5      | Reached XP level 9. HP: 57/62 MP: 3/16
  6988 | D:6      | Reached * piety under Hepliaklqana
  7765 | D:6      | Found a bloodstained altar of Trog.
  7850 | D:7      | Found Huchac's Jewellery Shoppe.
  8046 | D:7      | Found a staircase to the Ecumenical Temple.
  8095 | Temple   | Entered the Ecumenical Temple
  8235 | D:7      | Found a shadowy altar of Dithmenos.
  8245 | D:7      | Got a smoking mace
  8246 | D:7      | Identified the cursed +1 mace of the Wary Spirits {elec, Dex+7} (You found it on level 7 of the Dungeon)
  8277 | D:7      | Reached ** piety under Hepliaklqana
  8282 | D:7      | Remembered your ancestor Msizi as a hexer
  8376 | D:7      | Found a hide-covered altar of Uskayaw.
  8536 | D:7      | Found a glowing golden altar of the Shining One.
  8943 | D:8      | Reached skill level 3 in Dodging
  9017 | D:8      | Found a sacrificial altar of Ru.
  9088 | D:8      | Reached skill level 1 in Maces & Flails
  9098 | D:8      | Reached skill level 4 in Dodging
  9205 | D:8      | HP: 3/64 [electric eel/bolt of electricity (8)]
  9389 | D:8      | Reached XP level 10. HP: 16/71 MP: 10/19
  9833 | D:8      | Noticed Grum
 10037 | D:8      | Killed Grum
 10038 | D:8      | Reached skill level 5 in Dodging
 10192 | D:8      | Noticed Pikel
 10204 | D:8      | Killed Pikel
 10440 | D:9      | Reached *** piety under Hepliaklqana
 10458 | D:9      | Found a deep blue altar of Sif Muna.
 10882 | D:9      | Found a sparkling altar of Nemelex Xobeh.
 11091 | D:9      | Reached skill level 5 in Maces & Flails
 11091 | D:9      | Reached skill level 6 in Dodging
 11772 | D:10     | Entered Level 10 of the Dungeon
 12034 | D:10     | Reached skill level 7 in Dodging
 12156 | D:10     | Noticed a skeletal warrior
 12173 | D:10     | Noticed a skeletal warrior
 12767 | D:10     | Reached skill level 8 in Dodging
 12789 | D:10     | Found a staircase to the Orcish Mines.
 12869 | D:10     | Noticed a death knight
 12976 | D:10     | HP: 3/106 [skeletal warrior/dire flail[a death knight] (11)]
 12977 | D:10     | Killed a skeletal warrior
 12977 | D:10     | Reached XP level 11. HP: 4/75 MP: 7/20
 13159 | D:10     | Found a staircase to the Lair.
 13296 | D:9      | Killed a death knight
 13471 | D:10     | Reached skill level 9 in Dodging
 13552 | D:10     | Killed a skeletal warrior
 13758 | Lair:1   | Entered Level 1 of the Lair of Beasts
 13925 | Lair:1   | Reached **** piety under Hepliaklqana
 14024 | Lair:1   | Reached skill level 10 in Dodging
 15049 | Lair:1   | Noticed a six-headed hydra
 15057 | Lair:1   | Killed a six-headed hydra
 15259 | Lair:2   | Reached skill level 11 in Dodging
 15263 | Lair:2   | Reached XP level 12. HP: 54/87 MP: 12/21
 15281 | Lair:2   | Reached ***** piety under Hepliaklqana
 15312 | Lair:2   | Reached skill level 10 in Fighting
 15361 | Lair:2   | Found a frozen archway.
 15460 | IceCv    | Entered an ice cave
 15863 | IceCv    | Slain by an ice beast

Vault maps used:
D:1:      dpeg_arrival_short_road, serial_bayou_lagoon_a
D:2:      old_standard_altar, first_bread
D:4:      kennysheep_little_box, lemuel_crystal_altar, overflow_temple_1_default
D:5:      lemuel_zombie_altar_yredelemnul, lemuel_coloured_pillars_altar,
          nicolae_ossuary_entry_catacombs, basic_altar, minmay_crossroads,
          uniq_edmund, uniq_blork_the_orc
D:6:      kennysheep_mini, corexii_shack
D:7:      eat_drink_and_be_merry_uskayaw, tso_metal_star, lemuel_doored_altar,
          minmay_temple_entry_mist, serial_shops, shop_fountains
D:8:      lemuel_round_altar, serial_ice, serial_ice_n, serial_ice_i,
          serial_ice_f, serial_ice_e, uniq_grum, uniq_pikel
D:9:      nemelex_xobeh_ov_fountains_minmay, nicolae_overflow_crystal_walls
D:10:     david_lair_shrubbed, david_orc_4
D:11:     nicolae_trove_entry_free_sample, grunt_livestock
Temple:   nicolae_temple_figure_zero
Lair:1:   lemuel_ratsnest, wad_woods_road_01, minmay_hedge_maze
Lair:2:   nicolae_spider_entry_non_spiders, portal_ice_cave_rime
Ossuary:  ossuary_due_cavern
IceCv:    ice_cave_small_dragons

Skill      XL: |  1  2  3  4  5  6  7  8  9 10 11 12 |
---------------+-------------------------------------+-----
Ice Magic      | 4 5 6 8 |  8.0
Spellcasting   | 3 4 5 6 |  6.1
Charms         | 2 3 |  3.1
Summonings     | 3 5 6 |  6.1
Fighting       | 4 6 7 9 10 | 10.7
Conjurations   | 5 |  5.0
Dodging        | 4 8 11 | 11.7
Maces & Flails | 2 7 9 |  9.0
Stealth        | |  1.7

Action                   |  1- 3 |  4- 6 |  7- 9 | 10-12 || total
-------------------------+-------+-------+-------+-------++-------
Melee: Unarmed           |     3 |       |       |       ||     3
       Dagger            |    19 |     9 |     5 |       ||    33
       Flail             |       |       |   141 |       ||   141
       Mace              |       |       |    17 |   401 ||   418
 Cast: Freeze            |    57 |    72 |    58 |    79 ||   266
       Throw Frost       |       |    25 |     8 |       ||    33
       Ozocubu's Armour  |       |     3 |     3 |    13 ||    19
       Summon Ice Beast  |       |       |    33 |   104 ||   137
       Throw Icicle      |       |       |    14 |    27 ||    41
Invok: Recall Ancestor   |       |       |     2 |     1 ||     3
       Ancestor Life: He |       |       |     1 |       ||     1
       Ancestor Identity |       |       |     1 |       ||     1
 Abil: Hop               |       |       |       |     3 ||     3
Evoke: Wand              |       |     1 |       |       ||     1
  Use: Potion            |       |     1 |     2 |     4 ||     7
       Scroll            |       |    10 |    12 |     2 ||    24
 Stab: Distracted        |       |     1 |     4 |     4 ||     9
       Sleeping          |       |       |     3 |     1 ||     4
  Eat: Chunk             |     3 |     6 |    16 |    32 ||    57
       Royal jelly       |       |     1 |       |     2 ||     3
       Meat ration       |       |       |     2 |     1 ||     3
       Bread ration      |       |       |     1 |       ||     1
       Fruit             |       |       |       |     1 ||     1
Armor: Robe              |    23 |    15 |    35 |    10 ||    83
       Troll leather arm |       |       |       |    91 ||    91
Dodge: Dodged            |    51 |    36 |   131 |   504 ||   722
